Map: Bel'Shir Vestige LE (Void)

Players

Perfectsus - Winner!

  • Race: Zerg Zerg
  • Spawn Location: 5:00

Fropez

  • Race: Protoss Protoss
  • League: Platinum
  • Spawn Location: 11:00

VOD

Have the link to the VOD?

Description

Time

  • Played on: Jan. 27, 2017, 6:08 p.m.
  • Length: 13:26
Show
View Real Time Build Order
Export as new Build Order

Perfectsus Zerg - Winner!

Build Orders: 3 Hatch before Pool 

Get SALT Encoding   

  12  0:03  Drone  
  13  0:08  Drone  
  14  0:17  Overlord  
  14  0:25  Extractor  
  14  0:26  Drone  
  14  0:29  Extractor  
  14  0:30  Drone  
  15  0:36  Drone  
  16  0:48  Drone  
  17  1:08  Hatchery  
  17  1:09  Drone  
  17  1:12  Drone  
  18  1:39  Hatchery  
  18  1:54  Spawning Pool  
  17  1:57  Drone x2  
  17  1:58  Drone  
  20  2:11  Hatchery  
  19  2:17  Drone  
  20  2:27  Drone  
  21  2:33  Drone  
  22  2:50  Queen  
  24  2:54  Drone  
  24  2:55  Queen  
  27  3:00  Drone  
  27  3:02  Overlord  
  28  3:06  Spine Crawler  
  28  3:08  Zergling x2  
  28  3:09  Overlord  
  29  3:23  Extractor, Drone x2  
  29  3:24  Zergling x2  
  31  3:36  Drone  
  31  3:37  Extractor, Spore Crawler  
  31  3:39  Spine Crawler  
  31  3:40  Drone x2  
  31  3:44  Burrow  
  31  3:46  Lair  
  31  3:48  Drone  
  31  3:49  Drone  
  31  3:50  Metabolic Boost  
  33  3:56  Drone  
  33  3:57  Drone  
  35  4:05  Drone x2  
  35  4:06  Drone  
  37  4:17  Drone x3  
  37  4:18  Drone  
  37  4:22  Drone x2  
  43  4:40  Overlord  
  43  4:54  Spire, Overlord  
  43  4:55  Overlord x2  
  43  4:57  Drone  
  43  5:01  Hatchery  
  42  5:09  Extractor  
  42  5:10  Extractor, Queen  
  42  5:12  Zergling x2, Spore Crawler  
  42  5:13  Zergling x4  
  44  5:18  Overseer  
  44  5:24  Drone x3  
  47  5:29  Evolution Chamber, Overseer, Drone x2  
  47  5:31  Evolution Chamber  
  47  5:32  Drone x3  
  50  5:41  Drone x2  
  50  5:42  Drone x2  
  55  6:20  Mutalisk x2, Zerg Flyer Weapons Level 1  
  55  6:21  Mutalisk, Hatchery  
  55  6:22  Extractor  
  59  6:25  Extractor  
  59  6:26  Baneling Nest  
  57  6:42  Overlord x3  
  57  6:46  Zerg Melee Weapons Level 1  
  57  6:47  Spine Crawler  
  57  6:51  Zergling x2  
  57  6:52  Zergling x10  
  62  7:05  Mutalisk x2  
  63  7:32  Baneling  
  63  7:33  Baneling x5  
  63  7:35  Drone x3  
  63  7:36  Drone x3  
  69  7:37  Drone x5  
  69  7:38  Drone x2  
  73  7:58  Drone x5  
  74  8:02  Drone  
  74  8:03  Drone  
  77  8:10  Zerg Missile Weapons Level 1  
  77  8:14  Zerg Flyer Armor Level 1  
  74  8:23  Mutalisk x3  
  77  8:34  Drone x12  
  77  8:35  Mutalisk  
  77  8:37  Drone  
  77  8:38  Overlord x4  
  77  8:39  Overlord  
  80  8:54  Spine Crawler  
  79  8:56  Spine Crawler  
  76  9:03  Drone x2  
  76  9:04  Drone x7  
  76  9:05  Queen  
  87  9:17  Drone x5  
  87  9:20  Spore Crawler  
  87  9:22  Drone  
  92  9:26  Mutalisk x2  
  92  9:31  Zerg Ground Armor Level 1, Hatchery  
  95  9:32  Extractor  
  94  9:44  Zergling x12  
  100  9:54  Zergling x6  
  100  9:58  Extractor, Spine Crawler  
  101  10:06  Zergling x6  
  102  10:11  Overlord x5  
  95  10:23  Mutalisk x2  
  95  10:24  Mutalisk  
  95  10:38  Zergling x10  
  95  10:39  Zergling x2  
  95  10:50  Drone x3  
  95  10:51  Queen  
  100  11:02  Zerg Flyer Weapons Level 2, Infestation Pit  
  99  11:09  Zergling x12  
  105  11:15  Drone x6  
  109  11:26  Spine Crawler  
  109  11:28  Spore Crawler  
  109  11:29  Mutalisk x8  
  109  11:30  Mutalisk  
  125  11:41  Drone x3  
  125  11:42  Drone  
  125  11:44  Drone  
  125  11:45  Spine Crawler  
  129  11:56  Hive  
  129  12:05  Mutalisk x5  
  129  12:06  Mutalisk x6  
  148  12:16  Spine Crawler  
  148  12:20  Spine Crawler  
  146  12:28  Baneling x6  
  146  12:31  Zergling x8  
  146  12:32  Zergling x12  
  146  12:33  Zergling x12  
  151  12:44  Zergling x4  
  151  12:45  Zergling x4  
  151  12:46  Zergling x6  
  158  13:01  Zergling x4  
  158  13:03  Zergling x6  
  158  13:04  Baneling x2  
Show
View Real Time Build Order
Export as new Build Order

Fropez Protoss 

Build Orders:  

Get SALT Encoding   

  12  0:01  Probe (Chrono Boost)  
  13  0:11  Probe (Chrono Boost)  
  14  0:18  Pylon  
  14  0:29  Probe (Chrono Boost)  
  15  0:39  Probe (Chrono Boost)  
  16  0:50  Probe (Chrono Boost)  
  17  1:00  Probe (Chrono Boost)  
  18  1:14  Pylon  
  18  1:18  Forge  
  18  1:23  Pylon  
  18  1:24  Pylon  
  17  1:42  Gateway  
  17  1:48  Gateway  
  17  2:02  Pylon  
  17  2:07  Gateway  
  17  2:08  Gateway  
  17  2:21  Gateway  
  17  2:22  Photon Cannon  
  17  2:28  Photon Cannon  
  17  2:33  Probe (Chrono Boost)  
  17  2:36  Assimilator  
  18  2:40  Assimilator  
  18  2:43  Cybernetics Core  
  18  2:50  Cybernetics Core  
  18  2:55  Pylon  
  18  2:59  Zealot  
  20  3:08  Probe (Chrono Boost)  
  22  3:20  Probe (Chrono Boost)  
  22  3:42  Nexus  
  23  3:54  Mothership Core (Chrono Boost)  
  24  4:07  Twilight Council  
  25  4:18  Probe (Chrono Boost)  
  25  4:25  Warp Gate  
  25  4:30  Probe (Chrono Boost)  
  24  4:42  Resonating Glaives, Probe (Chrono Boost)  
  26  4:54  Probe (Chrono Boost)  
  26  5:02  Protoss Ground Weapons Level 1  
  26  5:07  Pylon  
  26  5:08  Probe (Chrono Boost)  
  26  5:09  Pylon, Probe (Chrono Boost)  
  28  5:19  Probe (Chrono Boost)  
  29  5:27  Photon Cannon  
  29  5:31  Pylon  
  29  5:38  Photon Cannon  
  29  5:52  Probe (Chrono Boost)  
  29  5:53  Probe (Chrono Boost), Gateway  
  31  6:00  Pylon  
  31  6:07  Probe x2 (Chrono Boost)  
  33  6:14  Assimilator  
  35  6:19  Probe (Chrono Boost)  
  35  6:20  Probe (Chrono Boost)  
  34  6:26  Gateway  
  34  6:31  Probe (Chrono Boost)  
  34  6:32  Probe (Chrono Boost)  
  36  6:33  Adept  
  38  6:46  Pylon  
  40  6:55  Probe x2 (Chrono Boost)  
  40  6:57  Adept x2  
  40  6:58  Adept  
  40  6:59  Adept  
  48  7:07  Probe x2 (Chrono Boost)  
  50  7:10  Protoss Ground Weapons Level 2  
  50  7:19  Probe x2 (Chrono Boost), Blink  
  52  7:28  Stalker  
  52  7:29  Stalker x4  
  62  7:41  Pylon  
  62  7:44  Pylon  
  62  7:53  Adept x2  
  62  7:54  Adept x2  
  70  8:05  Probe x2 (Chrono Boost)  
  72  8:10  Photon Cannon  
  72  8:13  Pylon  
  72  8:17  Photon Cannon  
  72  8:18  Photon Cannon  
  70  8:51  Stalker x3  
  70  8:54  Probe (Chrono Boost)  
  70  8:55  Probe (Chrono Boost)  
  78  9:00  Gateway  
  72  9:04  Robotics Facility  
  72  9:06  Probe (Chrono Boost)  
  72  9:07  Probe (Chrono Boost)  
  74  9:15  Protoss Ground Weapons Level 3  
  74  9:19  Probe x2 (Chrono Boost)  
  74  9:21  Stalker  
  74  9:22  Stalker x3  
  84  9:31  Probe x2 (Chrono Boost)  
  84  9:41  Photon Cannon  
  84  9:43  Pylon  
  84  9:48  Pylon  
  84  9:54  Stalker x5  
  93  10:21  Stalker x3  
  87  10:41  Stalker  
  87  10:42  Stalker  
  85  10:52  Observer  
  86  11:02  Probe x2 (Chrono Boost)  
  88  11:06  Assimilator  
  88  11:07  Charge  
  88  11:21  Pylon  
  82  11:40  Pylon  
  82  11:41  Zealot x4  
  82  11:42  Zealot x2  
  82  11:43  Pylon  
  94  11:52  Pylon  
  94  11:57  Photon Cannon  
  94  12:03  Nexus  
  94  12:07  Photon Cannon  
  96  12:08  Probe x2 (Chrono Boost), Photon Cannon  
  96  12:14  Photon Cannon  
  96  12:16  Zealot x2  
  96  12:17  Zealot x3  
  96  12:31  Probe x2 (Chrono Boost)  
  94  12:38  Stalker x6  
  98  12:49  Photon Cannon  
  100  12:52  Pylon, Probe (Chrono Boost)  
  100  12:53  Probe (Chrono Boost)  
  100  12:55  Pylon  
  100  12:57  Gateway  
  100  12:59  Pylon  
  100  13:00  Gateway  
  100  13:05  Probe (Chrono Boost), Assimilator  
  101  13:07  Assimilator  
  101  13:11  Zealot  
Tags
 
Add a new tag
Caveats
  • Supply blocks, unpowered buildings, or Contaminate may cause inaccurate times.
  • Supply counts are checked every 10 seconds.